 Dungeon Sprint DCSS version 0.30-a0-956-gcec3b41aec (webtiles) character file.

Game seed: 4269651665404222810

51 Parcival the Covered (level 3, -12/37 HPs)
             Began as a Minotaur Fighter on Mar 29, 2023.
             Mangled by a water elemental (18 damage)
             ... in the Dungeon (Sprint III: "The Ten Rune Challenge").
             The game lasted 00:00:28 (239 turns).

Parcival the Covered (Minotaur Fighter)              Turns: 239, Time: 00:00:28

Health: -12/37     AC:  7    Str: 22    XL:     3   Next: 58%
Magic:  2/2        EV:  9    Int:  5    God:
Gold:   0          SH:  5    Dex:  9    Spells: 2/2 levels left

rFire   . . .      SeeInvis .    a - +0 war axe
rCold   . . .      Faith    .    c - +0 buckler
rNeg    . . .      Spirit   .    b - +0 scale mail
rPois   .          Reflect  .    (helmet restricted)
rElec   .          Rampage  .    (no cloak)
rCorr   .          NoTele   +    (no gloves)
Will    .....                    (no boots) Stlth
                                 (no amulet)
HPRegen 0.26/turn                (no ring)
MPRegen 0.08/turn                (no ring)

@: engulfed (cannot breathe)
A: horns 2, retaliatory headbutt
a: no special abilities


You were in the Dungeon.
You visited 1 branch

Inventory:

Hand Weapons
 a - a +0 war axe (weapon)
Armour
 b - a +0 scale mail (worn)
 c - a +0 buckler (worn)
Scrolls
 j - a scroll of blinking
Potions
 d - a potion of might
 e - a potion of curing
 f - a potion of heal wounds
 g - a potion of haste
 h - 2 potions of magic
 i - a potion of berserk rage
 k - a potion of flight {unknown}


   Skills:
 + Level 5.9 Fighting
 + Level 4.0 Axes
 + Level 5.9 Armour
 + Level 0.1 Dodging
 + Level 5.5 Shields


You had 2 spell levels left.
You didn't know any spells.
Your spell library was empty.

Dungeon Overview and Level Annotations

Branches:
Dungeon (1/1)

Altars:


Innate Abilities, Weirdness & Mutations

You have a pair of horns on your head.
You reflexively headbutt those who attack you in melee.


Message History

You slash the human!
The human is severely wounded.
You block the human's attack.
You closely miss the human.
You headbutt the human, but do no damage.
The human is severely wounded.
The human barely misses you. x2
You barely miss the human.
The human is severely wounded.
The human hits you!
A human is nearby!
You hit the human but do no damage.
The human is severely wounded.
The human misses you.
You hit the human. Your headbutt misses the human.
The human is almost dead.
The human hits you. The human closely misses you.
You barely miss the human.
The human is almost dead.
The human hits you but does no damage.
You miss the human. You headbutt the human.
You kill the human!
Your Axes skill increases to level 4!
You open the door.
A water elemental comes into view.
The water elemental barely misses you.
There is an open door to the Ecumenical Temple here.
The water elemental hits you!
The water elemental engulfs you in water!
You barely miss the water elemental.
Your headbutt misses the water elemental.
Your lungs strain for air!
The water elemental completely misses you.
You furiously retaliate!
You headbutt the water elemental. You closely miss the water elemental.
You headbutt the water elemental.
The water elemental is moderately damaged.
* * * LOW HITPOINT WARNING * * *
Your lungs strain for air!
The water elemental hits you!!
You die...

▓▓▓▓▓▓ ▓▓▓ **** .#..†####
##.#**************,*,
.#......##**#..#___*___*__*,∩**,,
##.......#,,#..#,,,*__,*,_*,,,,,,
.##.##...#,,#..###+#+###+**,,,,,,
.##.###..#*+#..#........,,*,,,,,,
####.##).#*#...'@⌠......,,*,**,,*
##..##..####...#E..#####*+*,,*,*,
....##..###....#.⌠.#__*,,,*+*****
#..##...##.....#...#__*,,,*,,,,*,
..##....#......#+###__*,,,**,*,,*
.###..##.#.....#,,,*__*,,,+**,*,*
.* #..#####....#___*__+,,,*,,,*,,
▓**▓▓▓▓***▓▓▓▓▓▓*****************
,,+~~~~~~~~~**,,,,,****~~~,,,,,,,


You could see a water elemental.

Vanquished Creatures
  Jessica (D)
  A human (D)
  A phantom (D)
  2 endoplasms (D)
  A rat (D)
6 creatures vanquished.

Notes
Turn   | Place    | Note
-------+----------+-------------------------------------------
     0 | D        | Parcival the Minotaur Fighter began the quest for the Orb.
     0 | D        | Reached XP level 1. HP: 19/19 MP: 0/0
    58 | D        | Noticed Jessica
    63 | D        | Killed Jessica
    64 | D        | Reached skill level 5 in Fighting
    64 | D        | Reached skill level 5 in Armour
    64 | D        | Reached skill level 5 in Shields
    64 | D        | Reached XP level 2. HP: 4/29 MP: 1/1
    64 | D        | Reached XP level 3. HP: 5/36 MP: 2/2
   235 | D        | Noticed a water elemental
   239 | D        | Mangled by a water elemental

Illustrated notes

Levels and vault maps discovered:
D:        dungeon_sprint_mu [sprint_mu_entry_cave, sprint_mu_temple_rooms,
          sprint_mu_d1_spiders, sprint_mu_d2_genie, sprint_mu_d3_branching,
          sprint_mu_orc_legion, sprint_mu_elf_gauntlet, sprint_mu_hive_nellie,
          sprint_mu_lair_fedhas, sprint_mu_vaults_butterflies,
          sprint_mu_slime_circle, sprint_mu_swamp_cave, sprint_mu_snake_twists,
          sprint_mu_blade_basic, sprint_mu_crypt_chambers,
          sprint_mu_tomb_spiral, sprint_mu_vestibule_basic,
          sprint_mu_gehenna_hellfire, sprint_mu_dis_giant,
          sprint_mu_tartarus_statrot, sprint_mu_cocytus_islands, sprint_mu_zot1]

Skill      XL: |  1  2  3 |
---------------+----------+-----
Fighting       | 5 |  5.9
Armour         | 5 |  5.9
Shields        | 5 |  5.5
Axes           | 3 4 |  4.0
Dodging        | |  0.1

Action                     || total
---------------------------++-------
  Melee: War axe           ||    17
         Headbutt          ||     5
    Use: Scroll            ||     1
 Armour: Scale mail        ||     7
  Dodge: Dodged            ||    12
  Block: Buckler           ||     2

Table legend: (Time is in decaauts)
 A = Elapsed time spent in this place.
 B = Non-inter-level travel time spent in this place.
 C = Inter-level travel time spent in this place.
 D = Time resting spent in this place.
 E = Time spent auto-exploring this place.
 F = Levels seen in this place.
 G = Mean time per level.
                   A        B        C        D        E       F      G
               +--------+--------+--------+--------+--------+-----+--------+
         Total |    245 |    245 |      0 |      0 |    189 |   1 |  245.0 |
       Dungeon |    245 |    245 |      0 |      0 |    189 |   1 |  245.0 |
               +--------+--------+--------+--------+--------+-----+--------+

Top non-repeatable levels by time:
       D: 245 daAuts
